 Dungeon Crawl Stone Soup version 0.31.0-12-g77e489cdc1 (webtiles) character file.

Game seed: 14238593044571391517

473 Dvallin the Ruffian (level 6, 0/48 HPs)
             Began as a Draconian Shapeshifter on Feb 25, 2024.
             Was an Initiate of Ru.
             Slain by an orc
             ... wielding a +0 trident
              (2 damage)
             ... on level 4 of the Dungeon.
             The game lasted 00:09:09 (3289 turns).

Dvallin the Ruffian (Draconian Shapeshifter)        Turns: 3289, Time: 00:09:10

Health: 0/48       AC:  6    Str: 16    XL:     6   Next: 83%
Magic:  6/6        EV: 12    Int: 11    God:    Ru [......]
Gold:   141        SH:  0    Dex: 12    Spells: 5/5 levels left

rFire   . .          .
                       - Unarmed
rCold   . . .        (no shield)
rNeg    . . .        (body armour unavailable)
rPois   .            (helmet currently unavailable)
rElec   .            (cloak currently unavailable)
rCorr   .            (gloves currently unavailable)
SInv    .            (boots currently unavailable)
Will    .....        (no amulet)
Stlth   +            (no ring)
HPRegen 0.28/turn    (no ring)
MPRegen 0.10/turn

%: no passive effects
@: beast-form
A: beast (slay +2), AC +6, unfitting armour, cold-blooded
a: Begin Untransformation, Renounce Religion


You were on level 4 of the Dungeon.
You worshipped Ru.
Ru was noncommittal.
You were a hulking beast.
You visited 1 branch of the dungeon, and saw 4 of its levels.

You collected 141 gold pieces.

Inventory:

Armour
 n - a scarf of resistance
Talismans
 b - a beast talisman
 c - a flux talisman
Scrolls
 e - 3 scrolls of identify {unknown}
 j - a scroll of immolation {unknown}
 l - a scroll of teleportation {unknown}
Potions
 a - a potion of lignification
 d - a potion of might {unknown}
 f - 3 potions of heal wounds {unknown}
 g - 2 potions of degeneration {unknown}
 h - 2 potions of curing {unknown}
 i - a potion of resistance {unknown}
 k - a potion of haste {unknown}
 m - a potion of magic {unknown}


   Skills:
 - Level 2.0 Fighting
 - Level 2.3 Dodging
 * Level 6.2 Unarmed Combat
 + Level 4.7 Shapeshifting


You had 5 spell levels left.
You didn't know any spells.
Your spell library contained the following spells:

 Spells                   Type           Power      Damage    Failure   Level
 Sandblast                Erth           0%         2d4       34%         1
 Passwall                 Erth           0%         N/A       71%         3
 Stone Arrow              Conj/Erth      0%         3d7       71%         3
 Brom's Barrelling Bould  Conj/Erth      0%         2d3       98%         4


Dungeon Overview and Level Annotations

Branches:
Dungeon (4/15)
 Temple: D:4-7

Altars:
Ru


Innate Abilities, Weirdness & Mutations

You are a hulking beast.
Your limbs bulge with bestial killing power. (Slay +2)
Your plain brown scales are hard. (AC +6)
You cannot fit into any form of body armour.
You are cold-blooded and may be slowed by cold attacks.


Message History

The orc is severely wounded.
The orc hits you with a +0 short sword. The orc hits you with a +0 morningstar.
You hit the orc.
The orc is almost dead.
The orc closely misses you. The orc barely misses you.
You closely miss the orc.
The orc is almost dead.
The orc hits you but does no damage. The orc closely misses you.
You closely miss the orc. You tail-slap the orc.
You kill the orc!
The ogre hits you with a +0 giant club!
The orc hits you from afar with a +0 trident.
There are monsters nearby!
There are monsters nearby!
You are too injured to fight recklessly!
You punch the ogre!
The ogre is moderately wounded.
The orc hits you but does no damage.
You hit the ogre but do no damage.
The ogre is moderately wounded.
The ogre closely misses you. The orc hits you but does no damage.
The orc barely misses you.
You hit the ogre.
The ogre is severely wounded.
You punch the ogre!
The ogre is almost dead.
The orc hits you with a +0 short sword.
The ogre hits you with a +0 giant club!!
* * * LOW HITPOINT WARNING * * *
The orc barely misses you.
You punch the ogre!
You kill the ogre!
The orc barely misses you. The orc hits you but does no damage.
Your Unarmed Combat skill increases to level 6!
You see here a +0 giant club.
You barely miss the orc. The orc closely misses you. The orc misses you.
You hit the orc. You tail-slap the orc.
You kill the orc!
The orc hits you from afar with a +0 trident.
You die...

............######......####
............# #..>....
............# ##.......
.#..........# #........
####.......## ###......#
####...)## .........###
........h)o.#
........).......
########........# #........#
#....>.... ..........
........<. .....#...


You could see an orc.

Vanquished Creatures
  An ogre (D:4)
  A scorpion (D:4)
  A killer bee (D:4)
  A hound (D:3)
  2 bombardier beetles
  2 orc priests (D:3)
  An orc wizard (D:3)
  4 adders
  3 dart slugs
  2 ribbon worms (D:2)
  10 orcs
  7 ball pythons
  6 endoplasms
  2 giant cockroaches (D:2)
  5 hobgoblins
  2 jackals (D:3)
  4 kobolds
  3 bats
  A frilled lizard (D:2)
  5 goblins
  3 rats
66 creatures vanquished.

Notes
Turn   | Place    | Note
-------+----------+-------------------------------------------
     0 | D:1      | Dvallin the Draconian Shapeshifter began the quest for the
                  | Orb.
     0 | D:1      | Reached XP level 1. HP: 16/16 MP: 1/1
   538 | D:1      | Reached XP level 2. HP: 23/23 MP: 2/2
  1077 | D:2      | Reached XP level 3. HP: 29/29 MP: 3/3
  1879 | D:3      | Reached XP level 4. HP: 36/36 MP: 4/4
  1926 | D:3      | Reached skill level 4 in Unarmed Combat
  2096 | D:3      | Reached XP level 5. HP: 16/41 MP: 5/5
  2757 | D:3      | Reached skill level 5 in Unarmed Combat
  2848 | D:4      | Reached XP level 6. HP: 48/48 MP: 6/6
  2861 | D:4      | Found a sacrificial altar of Ru.
  2864 | D:4      | Became a worshipper of Ru the Awakened
  3285 | D:4      | HP: 1/48 [ogre/+0 giant club (22)]
  3287 | D:4      | Reached skill level 6 in Unarmed Combat
  3289 | D:4      | Slain by an orc

Illustrated notes

Levels and vault maps discovered:
D:1:      dpeg_arrival_castle, layout_basic
D:2:      layout_basic, kennysheep_generic_room_15
D:3:      layout_loops_ring, minmay_ruptured
D:4:      layout_layer_cave, mainiacjoe_overflow_brackets, minmay_quantized

Skill      XL: |  1  2  3  4  5  6 |
---------------+-------------------+-----
Dodging        | 2 |  2.3
Fighting       | 2 |  2.0
Unarmed Combat | 4 5 6 |  6.2
Shapeshifting  | 4 |  4.7

Action                     |  1- 3 |  4- 6 || total
---------------------------+-------+-------++-------
  Melee: Unarmed           |    89 |   112 ||   201
         Tailslap          |    10 |    16 ||    26
         Punch             |     3 |     3 ||     6
   Stab: Sleeping          |     2 |     2 ||     4
 Armour: Skin              |    34 |    56 ||    90
  Dodge: Dodged            |    35 |    66 ||   101
